 Dungeon Crawl Stone Soup version 0.29.1-15-g9cfb28693d (webtiles) character file.

Game seed: 8167672508307556695

5621 croobank the Covert (level 10, -2/69 HPs)
             Began as an Octopode Delver on May 1, 2023.
             Was a Believer of Makhleb.
             Slain by a two-headed ogre
             ... wielding a +0 giant club
              (17 damage)
             ... on level 8 of the Dungeon on May 2, 2023.
             The game lasted 00:48:48 (13094 turns).

croobank the Covert (Octopode Delver)              Turns: 13094, Time: 00:48:49

Health: -2/69      AC:  1    Str: 12    XL:     10   Next: 73%
Magic:  15/15      EV: 19    Int: 16    God:    Makhleb [**....]
Gold:   430        SH:  5    Dex: 14    Spells: 13/16 levels left

rFire   . . .      SeeInvis .   j - +6 whip (venom)
rCold   . . .      Faith    .   n - +0 buckler
rNeg    . . .      Spirit   .   (helmet restricted)
rPois   .          Reflect  .   E - amulet of magic regeneration
rElec   .          Harm     .   m - +4 ring of protection
rCorr   +          Rampage  .   x - ring of resist corrosion
Will    .....                   V - +4 ring of evasion
Stlth   ++++++....              (no ring)
HPRegen 0.21/turn               (no ring)
MPRegen 0.54/turn               (no ring)
                                (no ring)
                                (no ring)

@: corroded, hasted, very quick
A: almost no armour, amphibious, 8 rings, camouflage 1, gelatinous body 1,
(nimble swimmer 1), tentacles
a: Renounce Religion, Minor Destruction


You were on level 8 of the Dungeon.
You worshipped Makhleb.
Makhleb was pleased with you.
You visited 2 branches of the dungeon, and saw 10 of its levels.

You collected 430 gold pieces.

Inventory:

Hand Weapons
 a - a +1 dagger of draining
 g - a +0 vampiric hand axe
 h - a +0 spear
 j - a +6 whip of venom (weapon)
 q - a +0 war axe of flaming
 w - a +0 rapier
 y - a +2 falchion of protection
 B - a +2 whip of flaming
 C - a +0 war axe
 D - a +0 scimitar
 G - a +5 flail
 H - a +0 broad axe
 J - a +2 whip of flaming
 L - the +5 war axe of Sunlight {vorpal, *Slow rN+ Str+2}
   (You found it on level 7 of the Dungeon)

   It inflicts extra damage upon your enemies.
   Str:       It affects your strength (+2).
   rN:        It protects you from negative energy.
   *Slow:     It may slow you when you take damage.
 N - a +0 long sword
 S - a +0 short sword of flaming
 T - a +1 scimitar of flaming
Missiles
 k - 11 boomerangs
 v - 12 poisoned darts
 I - 4 atropa-tipped darts
 M - 6 datura-tipped darts
 W - a curare-tipped dart (quivered)
Armour
 n - a +0 buckler (worn)
Magical Staves
 K - a staff of conjuration
 Q - a staff of poison
Jewellery
 m - a +4 ring of protection (left tentacle)
 x - a ring of resist corrosion (right tentacle)
 E - an amulet of magic regeneration (around mantle)
 V - a +4 ring of evasion (on tentacle)
Wands
 e - a wand of digging (3)
 O - a wand of flame (10)
 R - a wand of polymorph (5)
 X - a wand of roots (6)
Scrolls
 b - a scroll of magic mapping
 c - 2 scrolls of fear
 l - 2 scrolls of enchant armour
 o - 2 scrolls of teleportation
 p - 2 scrolls of fog
 r - a scroll of amnesia
 s - 4 scrolls of identify
 U - 3 scrolls of blinking
Potions
 d - 5 potions of haste
 f - 4 potions of curing
 i - 4 potions of ambrosia
 t - a potion of might
 u - 2 potions of invisibility {unknown}
 z - a potion of magic {unknown}
 A - 2 potions of heal wounds {unknown}
 F - a potion of mutation {unknown}
 P - a potion of lignification {unknown}


   Skills:
 + Level 6.9 Fighting
 + Level 5.5 Maces & Flails
 + Level 6.4 Dodging
 + Level 11.1 Stealth
 - Level 3.0 Shields
 - Level 3.2 Unarmed Combat
 * Level 3.7 Spellcasting
 * Level 4.2 Hexes
 * Level 4.1 Summonings
 + Level 5.0 Invocations


You had 13 spell levels left.
You knew the following spells:

 Your Spells              Type           Power      Damage    Failure   Level
a - Summon Guardian Gole  Hex/Summ       16%        N/A       12%         3

Your spell library contained the following spells:

 Spells                   Type           Power      Damage    Failure   Level
 Tukima's Dance           Hex            16%        N/A       12%         3
 Freeze                   Ice            12%        1d4       22%         1
 Shock                    Conj/Air       12%        1d3       22%         1
 Frozen Ramparts          Ice            6%         1d1       56%         3
 Swiftness                Air            3%         N/A       56%         3
 Anguish                  Hex/Necr       4%         N/A       67%         4
 Airstrike                Air            1%         2d(1-17)  92%         4
 Hailstorm                Conj/Ice       3%         3d3       92%         4
 Passage of Golubria      Tloc           3%         N/A       92%         4
 Yara's Violent Unravell  Hex/Tmut       4%         3d4       95%         5
 Enfeeble                 Hex            8%         N/A       100%        7
 Orb of Destruction       Conj           1%         9d5       100%        7
 Spellforged Servitor     Conj/Summ      4%         N/A       100%        7


Dungeon Overview and Level Annotations

Branches:
Dungeon (9/15)             Temple (1/1) D:5            Lair (0/5) D:8
    Orc: D:9-12

Altars:
Ashenzari
Cheibriados
Dithmenos
Elyvilon
Hepliaklqana
Kikubaaqudgha
Makhleb
Okawaru
Ru
Sif Muna
Trog
Uskayaw
Vehumet
Wu Jian
Yredelemnul
Zin
The Shining One

Shops:
D:6 [

Annotations:
D:8 3 runed translucent doors, nroviw's ghost, novice TrFi


Innate Abilities, Weirdness & Mutations

You cannot wear most types of armour.
You are amphibious.
You can wear up to eight rings at the same time.
Your skin changes colour to match your surroundings (Stealth+).
Your rubbery body absorbs attacks. (AC +1, EV +1)
((You are camouflaged when in or above water. (Stealth+)))
You have tentacles for arms and can constrict up to eight enemies at once.


Message History

The fiery explosion engulfs the two-headed ogre!!!
The fiery explosion engulfs the yak!! x2
The yak is engulfed in blazing flames.
The yak bellows!
You hear an angry hiss.
Casting: Summon Guardian Golem (dangerous; 13% risk of failure)
Confirm with . or Enter, or press ? or * to list all spells.
A guardian golem appears, shielding your allies.
You hear a bellow!
The yak is engulfed in blazing flames.
The yak dies!
Makhleb accepts your kill.
The two-headed ogre is engulfed in blazing flames.
Found 4 gold pieces and a scroll of teleportation.
The yak is engulfed in blazing flames.
The yak is engulfed in blazing flames.
The yak is engulfed in blazing flames.
The yak dies!
Makhleb accepts your kill.
Your guardian golem is engulfed in blazing flames.
Your Invocations skill increases to level 5!
A wyvern comes into view.
You hear a zap.
A bolt of acid appears from out of thin air!
The bolt of acid hits you! You resist. The acid corrodes you!
You feel yourself speed up.
A stone appears from out of thin air!
The stone hits you!
* * * LOW HITPOINT WARNING * * *
There is a stone staircase leading down here.
The wyvern bites your guardian golem but does no damage.
A stone appears from out of thin air!
You block the stone.
Items here: )) ÷÷.
The wyvern bites your guardian golem!
There is a stone staircase leading up, spattered with blood here.
The wyvern bites your guardian golem.
You climb upwards.
Level annotation: 3 runed translucent doors, nroviw's ghost, novice TrFi Reactivating autopickup.
There is a stone staircase leading down, spattered with blood here.
The two-headed ogre hits you with a +0 giant club!
You die...

#.# #..#.†. #.# #..##..
#.####....._ #.##....##..
##.##.##.#... #### ###
##..##.##...#. ##..#
###.####...##.##..##.
#...####...O>##...##.###....
#....#.##..@##...##..###....
#####....#..#....#..............
#...........................##..
#.......#...#.............####..
###.....##...#...........<.####.#
#........#..........#......##.#..
..<.........##......###....[....#
....................##....[....##
.................................


You could see a two-headed ogre.

Vanquished Creatures
  Erica (D:8)
  Pikel (D:7)
  Maurice (D:8)
  Maggie (D:8)
  Prince Ribbit (D:8)
  3 yaks (D:8)
  A shadow (D:8)
  A steam dragon (D:4)
  3 water moccasins
  3 orc warriors
  A black bear (D:7)
  2 ice beasts
  2 ogres (D:4)
  4 bullfrogs
  A necrophage (D:8)
  A scorpion (D:7)
  4 wights (D:6)
  3 howler monkeys (D:8)
  2 hounds
  8 orc priests
  A jelly (D:7)
  A gnoll bouda (D:6)
  An iguana (D:6)
  2 orc wizards (D:4)
  13 gnolls
  10 adders
  A white imp (D:7)
  An ufetubus (D:5)
  3 dart slugs
  31 orcs
  16 ball pythons
  2 bats
  5 endoplasms
  4 giant cockroaches (D:1)
  6 goblins
  7 hobgoblins
  10 jackals
  5 quokkas
  4 frilled lizards
  6 kobolds
  10 rats
183 creatures vanquished.

Vanquished Creatures (others)
  2 yaks (D:9)
  A kobold brigand (D:9)
  4 wights (D:9)
  A kobold (D:9)
8 creatures vanquished.

Grand Total: 191 creatures vanquished

Notes
Turn   | Place    | Note
-------+----------+-------------------------------------------
     0 | D:5      | croobank the Octopode Delver began the quest for the Orb.
     0 | D:5      | Reached XP level 1. HP: 16/16 MP: 1/1
    20 | D:6      | Noticed a wight
    20 | D:6      | Noticed a wight
    39 | D:6      | Noticed an orc priest
   106 | D:5      | Noticed an ice beast
   290 | D:4      | Noticed an orc priest
   303 | D:4      | Noticed an ogre
   625 | D:2      | Reached XP level 2. HP: 21/21 MP: 2/2
  1146 | D:1      | Reached XP level 3. HP: 26/26 MP: 3/3
  1446 | D:1      | Reached skill level 7 in Stealth
  1683 | D:1      | Found a faded altar of an unknown god.
  2263 | D:2      | Reached XP level 4. HP: 31/31 MP: 4/4
  3107 | D:2      | Reached XP level 5. HP: 19/37 MP: 5/5
  4163 | D:4      | Noticed a steam dragon
  4483 | D:4      | Killed a steam dragon
  4484 | D:4      | Reached skill level 1 in Maces & Flails
  4484 | D:4      | Reached XP level 6. HP: 17/43 MP: 6/6
  4724 | D:4      | Reached skill level 8 in Stealth
  4900 | D:4      | Reached XP level 7. HP: 49/49 MP: 7/7
  4936 | D:4      | Found an iron altar of Okawaru.
  5495 | D:4      | Found a broken altar of Ashenzari.
  6602 | D:5      | Found a staircase to the Ecumenical Temple.
  6644 | Temple   | Entered the Ecumenical Temple
  6723 | Temple   | Became a worshipper of Makhleb the Destroyer
  6861 | D:5      | Reached skill level 5 in Fighting
  7379 | D:6      | Found Fame's Armour Emporium.
  7863 | D:6      | Reached skill level 9 in Stealth
  7863 | D:6      | Reached skill level 1 in Shields
  7863 | D:6      | Reached skill level 1 in Invocations
  7863 | D:6      | Reached XP level 8. HP: 55/55 MP: 8/8
  8626 | D:7      | Reached * piety under Makhleb
  8699 | D:7      | Reached skill level 5 in Dodging
  8750 | D:7      | Identified the +5 war axe of Sunlight {vorpal, *Slow rN+
                  | Str+2}
  9491 | D:7      | Found a hazy altar of Hepliaklqana.
  9572 | D:7      | Reached XP level 9. HP: 56/62 MP: 11/11
  9775 | D:7      | Learned a level 3 spell: Summon Guardian Golem
  9987 | D:8      | Reached skill level 10 in Stealth
 10020 | D:8      | Noticed Maurice
 10034 | D:8      | Killed Maurice
 10035 | D:8      | Reached skill level 1 in Spellcasting
 10035 | D:8      | Reached skill level 1 in Hexes
 10035 | D:8      | Reached skill level 1 in Summonings
 10182 | D:8      | Found an ornate altar of the Wu Jian Council.
 10280 | D:8      | Noticed a centaur warrior
 10281 | D:8      | Noticed a six-headed hydra
 10557 | D:8      | Noticed Maggie
 10564 | D:8      | Noticed Erica
 10726 | D:8      | Found a runed translucent gate.
 10726 | D:8      | Found a runed translucent gate.
 10739 | D:8      | Noticed Pikel
 10778 | D:7      | Killed Pikel
 10778 | D:7      | Reached ** piety under Makhleb
 11085 | D:8      | Killed Maggie
 11086 | D:8      | Reached skill level 5 in Maces & Flails
 11086 | D:8      | Reached XP level 10. HP: 65/69 MP: 13/13
 11161 | D:8      | Killed Erica
 11185 | D:8      | Noticed Prince Ribbit
 11197 | D:8      | Killed Prince Ribbit
 11509 | D:8      | Found a staircase to the Lair.
 11524 | D:8      | Found a runed translucent gate.
 11746 | D:8      | Noticed nroviw's ghost (novice TrFi)
 12509 | D:8      | Reached skill level 11 in Stealth
 13052 | D:9      | Noticed a two-headed ogre
 13083 | D:9      | Reached skill level 5 in Invocations
 13094 | D:8      | Slain by a two-headed ogre

Illustrated notes

Levels and vault maps discovered:
D:1:      erik_arrival_blinker_ship, layout_loops_ring,
          dilly_ecumenical_altar_fadedgnrine, minmay_tall_x
D:2:      layout_loops_corners, grunt_ministairs_2, minmay_snake_closets
D:3:      layout_loops_ring
D:4:      layout_loops_cross, mainiacjoe_overflow_chevrons,
          mainiacjoe_overflow_catwalk
D:5:      layout_loops_corners, temple_pool_b
D:6:      layout_basic, serial_shops, nicolae_shop_hallway_plus,
          hangedman_abyss_or_decor_jellyfish_corner
D:7:      layout_basic, nicolae_hepliaklqana_hippocampus
D:8:      layout_cave_pools, mainiacjoe_overflow_small_starburst,
          lair_entry_dummy, gammafunk_ghost_necromancy, lightli_corner_chamber,
          uniq_pikel, uniq_erica, uniq_maggie, uniq_prince_ribbit1, uniq_maurice
D:9:      layout_cave_pools, serial_shops, nicolae_lakefront_shop, uniq_amaemon
Temple:   nicolae_temple_god_jail

Skill      XL: |  1  2  3  4  5  6  7  8  9 10 |
---------------+-------------------------------+-----
Stealth        | 7 8 9 10 11 | 11.1
Unarmed Combat | 3 |  3.2
Dodging        | 3 4 5 6 |  6.4
Fighting       | 4 5 6 |  6.9
Maces & Flails | 1 2 3 4 5 |  5.5
Shields        | 1 2 3 |  3.0
Invocations    | 1 3 4 5 |  5.0
Spellcasting   | 2 3 |  3.7
Hexes          | 2 4 |  4.2
Summonings     | 2 4 |  4.1

Action                   |  1- 3 |  4- 6 |  7- 9 | 10-12 || total
-------------------------+-------+-------+-------+-------++-------
Melee: Whip              |    64 |    67 |   111 |    58 ||   300
       Constrict         |    12 |    13 |    66 |    10 ||   101
       Tentacles         |     3 |    10 |    85 |    18 ||   116
       Punch             |       |     1 |     4 |     1 ||     6
       Dagger            |       |     1 |    25 |       ||    26
       Unarmed           |       |       |    89 |       ||    89
       War axe           |       |       |     8 |       ||     8
       Scimitar          |       |       |       |     8 ||     8
Throw: Dart              |       |     6 |    11 |     1 ||    18
       Boomerang         |       |     2 |     8 |       ||    10
       Throwing net      |       |       |     1 |       ||     1
 Cast: Summon Guardian G |       |       |       |     7 ||     7
Invok: Minor Destruction |       |       |     2 |     2 ||     4
Evoke: Wand              |       |       |     1 |       ||     1
  Use: Scroll            |       |    14 |     5 |     2 ||    21
       Potion            |       |       |     7 |     3 ||    10
 Stab: Sleeping          |    25 |    13 |    13 |       ||    51
       Distracted        |     1 |     1 |       |       ||     2
Armor: Skin              |     6 |     8 |    39 |    14 ||    67
Dodge: Dodged            |    36 |    45 |   139 |    36 ||   256
Block: Buckler           |       |     4 |    32 |    15 ||    51
